 Dungeon Crawl Stone Soup version 0.29-a0-1016-g236c7fd91e (webtiles) character file.

Game seed: 9883301689837575704

104 flotson the Sneak (level 4, -4/35 HPs)
             Began as a Demonspawn Delver on Aug 9, 2022.
             Constricted to death by Sigmund (5 damage)
             ... on level 2 of the Dungeon.
             The game lasted 00:04:41 (2106 turns).

flotson the Sneak (Demonspawn Delver)               Turns: 2106, Time: 00:04:43

Health: -4/35      AC:  5    Str: 14    XL:     4   Next: 52%
Magic:  4/4        EV:  9    Int: 11    God:
Gold:   147        SH:  0    Dex: 15    Spells: 3/3 levels left

rFire   . . .      SeeInvis .   a - +0 trident (venom)
rCold   . . .      Faith    .   (no shield)
rNeg    . . .      Spirit   .   b - +0 leather armour
rPois   .          Reflect  .   (no helmet)
rElec   .          Harm     .   r - scarf {repulsion}
rCorr   .          Rampage  .   z - +0 pair of gloves
Will    .....                   k - +0 pair of boots
Stlth   +++.......              (no amulet)
HPRegen 0.11/turn               (no ring)
MPRegen 0.09/turn               (no ring)

@: grasped by roots, constricted, repel missiles
A: foul stench 1, weakness stinger 1
a: no special abilities


You were on level 2 of the Dungeon.
You visited 2 branches of the dungeon, and saw 7 of its levels.

You collected 147 gold pieces.

Inventory:

Hand Weapons
 a - a +0 trident of venom (weapon)
Missiles
 m - 8 poisoned darts (quivered)
 w - 6 boomerangs
Armour
 b - a +0 leather armour (worn)
 k - a +0 pair of boots (worn)
 r - a scarf of repulsion (worn)
 z - a +0 pair of gloves (worn)
Wands
 g - a wand of digging (3)
 i - a wand of charming (10)
Scrolls
 c - a scroll of fog
 d - a scroll of magic mapping
 j - a scroll of vulnerability {unknown}
 l - 2 scrolls of blinking {unknown}
 n - a scroll of amnesia {unknown}
 o - a scroll of identify {unknown}
 q - 2 scrolls of teleportation {unknown}
 t - a scroll of enchant weapon {unknown}
 v - a scroll of summoning {unknown}
 y - 3 scrolls of immolation
Potions
 f - a potion of might {unknown}
 h - 2 potions of invisibility {unknown}
 p - a potion of brilliance {unknown}
 s - a potion of attraction {unknown}
 u - a potion of heal wounds {unknown}
 x - a potion of haste


   Skills:
 + Level 3.5 Fighting
 + Level 2.2 Polearms
 + Level 1.0 Throwing
 + Level 1.4 Armour
 + Level 2.4 Dodging
 - Level 4.5 Stealth
 + Level 1.5 Evocations


You had 3 spell levels left.
You didn't know any spells.
Your spell library contained the following spells:

 Spells                   Type           Power      Damage    Failure   Level
 Foxfire                  Conj/Fire      0%         2x1d4     41%         1
 Conjure Flame            Conj/Fire      0%         6-21      78%         3
 Inner Flame              Hex/Fire       0%         N/A       78%         3
 Flame Wave               Conj/Fire      0%         2d4       99%         4


Dungeon Overview and Level Annotations

Branches:
Dungeon (6/15)             Temple (1/1) D:5

Altars:
Cheibriados
Dithmenos
Fedhas
Gozag
Hepliaklqana
Kikubaaqudgha
Makhleb
Nemelex Xobeh
Qazlal
Ru
Sif Muna
Trog
Uskayaw
Vehumet
Wu Jian
Xom
Yredelemnul

Annotations:
D:2 Sigmund
D:3 Grinder
D:4 Edmund


Innate Abilities, Weirdness & Mutations

You may rarely emit foul miasma when damaged in melee.
You have a small tail.


Message History

Sigmund barely misses you.
You reach to attack!
You closely miss Sigmund.
Sigmund is moderately wounded.
Sigmund hits you from afar with a +0 scythe.
You are too injured to fight recklessly!
You are too injured to fight recklessly!
You are too injured to fight recklessly!
Unknown command.
Reach: a) +0 trident (venom)
Press: ? - help, Dir - move target, f/p - Sigmund
Aim: Sigmund, wielding a +0 scythe, wearing a +0 robe and carrying a wand of roots (8) (moderately wounded, about 45% to evade your +0 trident of venom)
You reach to attack!
You closely miss Sigmund.
Sigmund is moderately wounded.
Sigmund laughs darkly.
Sigmund zaps a wand.
The roots erupt in riotous growth!
The grasping roots grab you! The grasping roots constrict you.
You hear an angry hiss.
Reach: a) +0 trident (venom)
Press: ? - help, Dir - move target, f/p - Sigmund
Aim: Sigmund, wielding a +0 scythe, wearing a +0 robe and carrying a wand of roots (7) (moderately wounded, about 45% to evade your +0 trident of venom)
You reach to attack!
You hit Sigmund but do no damage.
Sigmund is moderately wounded.
Sigmund hits you from afar with a +0 scythe!
* * * LOW HITPOINT WARNING * * *
The grasping roots constrict you.
* * * LOW HITPOINT WARNING * * *
The grasping roots release their grip on you.
Sigmund zaps a wand.
The roots erupt in riotous growth!
The grasping roots grab you! The grasping roots constrict you.
* * * LOW HITPOINT WARNING * * *
As you read the scroll of fear, it crumbles to dust.
You assume a fearsome visage.
Sigmund looks frightened!
The endoplasm looks frightened!
Sigmund gestures wildly while chanting.
Sigmund flickers and vanishes!
Deactivating autopickup; reactivate with Ctrl-A.
You are constricted.
You die...

###..#...#...## #..........
....####......## ######........##
.#...##........###..........#####
...................####.........#
...............##### #....####..
..........(J..## ###.## ##.
...............## #.# ##
.............{..##### #.# #
##...##.........@...#####.#####
#########.....#####)..........###
.##### ##...## #######.###....
.....############ ##.# #####
####........>...#### #..#
############....#####.##
####.......# ######..# ####


You could see an endoplasm (fleeing).

Vanquished Creatures
  Jessica (D:2)
  Natasha (D:2)
  An adder (D:2)
  An ufetubus (D:5)
  A bat (D:2)
  6 endoplasms
  2 goblins
  6 hobgoblins
  2 jackals (D:2)
  5 kobolds
  2 quokkas
  4 ball pythons
  3 frilled lizards
  2 rats
37 creatures vanquished.

Vanquished Creatures (others)
  A rat (D:2)
1 creature vanquished.

Grand Total: 38 creatures vanquished

Notes
Turn   | Place    | Note
-------+----------+-------------------------------------------
     0 | D:5      | flotson the Demonspawn Delver began the quest for the Orb.
     0 | D:5      | Reached XP level 1. HP: 18/18 MP: 1/1
    53 | D:5      | Noticed a necrophage
    62 | D:6      | Noticed a gnoll bouda
   147 | D:5      | Found a staircase to the Ecumenical Temple.
   158 | Temple   | Entered the Ecumenical Temple
   517 | D:4      | Noticed Edmund
   527 | D:4      | Gained mutation: You may rarely emit foul miasma when
                  | damaged in melee. [demonic ancestry]
   527 | D:4      | Reached XP level 2. HP: 22/24 MP: 2/2
   757 | D:3      | Noticed Grinder
   780 | D:2      | Noticed Natasha
   941 | D:2      | Reached skill level 1 in Evocations
  1026 | D:2      | Noticed Sigmund
  1049 | D:2      | Gained mutation: You have a small tail. [demonic ancestry]
  1049 | D:2      | Reached XP level 3. HP: 14/29 MP: 3/3
  1263 | D:2      | Reached skill level 1 in Armour
  1401 | D:1      | Found a faded altar of an unknown god.
  1937 | D:2      | Noticed Jessica
  1940 | D:2      | Killed Jessica
  1941 | D:2      | Reached XP level 4. HP: 21/35 MP: 4/4
  2098 | D:2      | Killed Natasha
  2099 | D:2      | Reached skill level 1 in Throwing
  2105 | D:2      | HP: 1/35 [constriction (3)]
  2106 | D:2      | Constricted to death by Sigmund

Illustrated notes

Levels and vault maps discovered:
D:1:      tarquinn_simple_flora_water_a, layout_basic,
          hellmonk_ecumenical_altar_blasted
D:2:      layout_rooms, minmay_domino_2, uniq_jessica, uniq_natasha,
          uniq_sigmund
D:3:      layout_loops_ring, uniq_terence, uniq_grinder
D:4:      layout_loops_ring, uniq_edmund, uniq_pikel
D:5:      layout_loops_cross, minmay_temple_entry_grid,
          lightli_sewer_entry_pipes, eino_small_chamber_without_monster
D:6:      layout_basic, nicolae_shop_self_help
Temple:   nicolae_temple_the_god_donut

Skill      XL: |  1  2  3  4 |
---------------+-------------+-----
Dodging        | 2 |  2.4
Evocations     | 1 |  1.5
Armour         | 1 |  1.4
Polearms       | 2 |  2.2
Throwing       | 1 |  1.0
Fighting       | |  3.5
Stealth        | |  4.5

Action                   |  1- 3 |  4- 6 || total
-------------------------+-------+-------++-------
Melee: Spear             |    45 |       ||    45
       Trident           |    45 |     9 ||    54
       Tailslap          |     3 |       ||     3
       Punch             |       |     1 ||     1
  Use: Potion            |     1 |       ||     1
       Scroll            |       |     1 ||     1
 Stab: Sleeping          |    13 |       ||    13
       Distracted        |     1 |       ||     1
Armor: Leather armour    |    18 |       ||    18
Dodge: Dodged            |    48 |     3 ||    51

Table legend: (Time is in decaauts)
 A = Elapsed time spent in this place.
 B = Non-inter-level travel time spent in this place.
 C = Inter-level travel time spent in this place.
 D = Time resting spent in this place.
 E = Time spent auto-exploring this place.
 F = Levels seen in this place.
 G = Mean time per level.
                   A        B        C        D        E       F      G
               +--------+--------+--------+--------+--------+-----+--------+
         Total |   2102 |   2030 |     72 |    212 |   1264 |   7 |  300.3 |
       Dungeon |   2022 |   1986 |     36 |    212 |   1240 |   6 |  337.0 |
        Temple |     80 |     44 |     36 |      0 |     24 |   1 |   80.0 |
               +--------+--------+--------+--------+--------+-----+--------+

Top non-repeatable levels by time:
     D:2: 744 daAuts
     D:1: 582 daAuts
     D:4: 289 daAuts
     D:3: 230 daAuts
     D:5: 101 daAuts
  Temple: 80 daAuts
     D:6: 72 daAuts
